 Dungeon Crawl Stone Soup version 0.28-a0-906-g0406aca7d3 (webtiles) character file.

Game seed: 7447819609142841956

1779 siradein the Charlatan (level 8, 0/62 HPs)
             Began as a Demonspawn Artificer on Nov 24, 2021.
             Slain by a boulder beetle (17 damage)
             ... on level 5 of the Dungeon.
             The game lasted 00:30:19 (7996 turns).

siradein the Charlatan (Demonspawn Artificer)       Turns: 7996, Time: 00:30:20

Health: 0/62       AC: 12    Str: 13    XL:     8   Next: 81%
Magic:  8/8        EV: 11    Int: 13    God:
Gold:   309        SH:  0    Dex: 15    Spells: 7/7 levels left

rFire   + . .      SeeInvis .   w - +0 spear (flame)
rCold   . . .      Faith    .   (no shield)
rNeg    . . .      Spirit   .   z - +2 scale mail {rF+}
rPois   .          Reflect  .   (helmet restricted)
rElec   .          Harm     .   r - scarf {+Inv}
rCorr   .          Rampage  .   (no gloves)
Will    .....                   g - +0 pair of boots
Stlth   ..........              (no amulet)
HPRegen 0.20/turn               (no ring)
MPRegen 0.22/turn               (no ring)

@: no status effects
A: horns 2, thin metallic scales 1, magic regeneration
a: Evoke Invisibility


You were on level 5 of the Dungeon.
You visited 1 branch of the dungeon, and saw 6 of its levels.

You collected 329 gold pieces.
You spent 20 gold pieces at shops.

Inventory:

Hand Weapons
 f - a +0 long sword
 w - a +0 spear of flaming (weapon)
Missiles
 a - 47 bolts
 p - 14 arrows
Armour
 g - a +0 pair of boots (worn)
 r - a scarf of invisibility (worn)
 z - a +2 scale mail of fire resistance (worn)
Jewellery
 n - a ring of ice
Wands
 c - a wand of flame (9) (quivered)
 d - a wand of charming (14)
 l - a wand of iceblast (11)
Scrolls
 b - a scroll of teleportation
 i - 2 scrolls of amnesia
 m - a scroll of enchant armour
 o - a scroll of blinking
 s - a scroll of vulnerability
 u - a scroll of brand weapon {unknown}
 x - a scroll of identify
 y - a scroll of enchant weapon {unknown}
Potions
 h - a potion of might {unknown}
 j - a potion of berserk rage {unknown}
 k - a potion of curing {unknown}
 q - a potion of degeneration {unknown}
 t - 2 potions of brilliance
 v - 2 potions of flight {unknown}
Miscellaneous
 e - a piece from Xom's chessboard (1/15)


   Skills:
 + Level 5.1 Fighting
 + Level 4.4 Long Blades
 + Level 4.9 Armour
 + Level 4.5 Dodging
 - Level 0.8 Stealth
 + Level 5.9 Evocations


You had 7 spell levels left.
You didn't know any spells.
Your spell library contained the following spells:

 Spells                   Type           Power      Damage    Failure   Level
 Summon Ice Beast         Ice/Summ       0%         N/A       100%        4
 Summon Mana Viper        Hex/Summ       0%         N/A       100%        5
 Monstrous Menagerie      Summ           0%         N/A       100%        7


Dungeon Overview and Level Annotations

Branches:
Dungeon (6/15)
 Temple: D:4-7

Altars:
Ru
Wu Jian

Shops:
D:2 ?   D:5 =


Innate Abilities, Weirdness & Mutations

You have a pair of horns on your head.
You are partially covered in thin metallic scales. (AC +2)
You regenerate magic rapidly.


Message History

The killer bee zombie closely misses you.
The killer bee zombie hits you.
You hit the killer bee zombie but do no damage.
The killer bee zombie is heavily damaged.
The killer bee zombie hits you but does no damage.
The killer bee zombie misses you.
You hit the killer bee zombie. You burn the killer bee zombie.
The killer bee zombie is almost destroyed.
The killer bee zombie hits you but does no damage. x2
You hit the killer bee zombie. You burn the killer bee zombie.
You destroy the killer bee zombie!
No target in view!
No target in view!
No target in view!
HP restored.
x - a scroll of identify
Things that are here:
a +0 leather armour; a +0 short sword
Found a robe.
Found a robe.
You now have 309 gold pieces (gained 12).
An iguana comes into view.
The iguana hisses angrily.
A boulder beetle comes into view.
There are monsters nearby!
There are monsters nearby!
There are monsters nearby!
The boulder beetle curls into a ball and begins rolling!
Found 10 gold pieces.
There is a stone staircase leading up here.
The boulder beetle hits you!!!
Ouch! That really hurt!
* * * LOW HITPOINT WARNING * * *
The boulder beetle stops rolling and uncurls.
You climb upwards.
There is a stone staircase leading down here.
The boulder beetle leaps!
The boulder beetle curls into a ball and begins rolling!
The boulder beetle hits you!
You die...

######### #.......#
#.#####.##########
#.# #)..........
#.# ############
#@# # ##B####### #
#.#○.....# #
#.○#####.##########
#..# #...........
#.B# ###########.
#.°# #...... #.°#
#.####. #..# #.# #.


You could see a boulder beetle (rolling).

Vanquished Creatures
  Sigmund (D:2)
  An ice beast (D:6)
  A sky beast (D:3)
  2 necrophages (D:5)
  A hornet zombie (D:5)
  4 ogres
  A bullfrog (D:6)
  A scorpion (D:4)
  A water moccasin skeleton (D:3)
  A howler monkey (D:6)
  A bullfrog zombie (D:6)
  2 hounds (D:6)
  A jelly (D:5)
  A centaur skeleton (D:4)
  A gnoll shaman (D:4)
  Terence (D:2)
  3 iguanas (D:5)
  An orc wizard (D:6)
  2 killer bee zombies (D:6)
  A hound skeleton (D:4)
  9 gnolls
  8 adders
  A white imp (D:6)
  2 ufetubi (D:5)
  2 worms (D:2)
  4 dart slugs
  7 orcs
  9 ball pythons
  6 endoplasms
  2 giant cockroaches
  5 hobgoblins
  2 jackals (D:4)
  8 kobolds
  4 quokkas
  7 bats
  7 frilled lizards
  11 goblins
  7 rats
129 creatures vanquished.

Vanquished Creatures (collateral kills)
  A gnoll (D:5)
1 creature vanquished.

Vanquished Creatures (others)
  A gnoll sergeant (D:5)
  4 plants (D:6)
5 creatures vanquished.

Grand Total: 135 creatures vanquished

Notes
Turn   | Place    | Note
-------+----------+-------------------------------------------
     0 | D:1      | siradein the Demonspawn Artificer began the quest for the
                  | Orb.
     0 | D:1      | Reached XP level 1. HP: 15/15 MP: 1/1
   133 | D:1      | Reached skill level 1 in Dodging
   468 | D:1      | Gained mutation: You have a pair of small horns on your
                  | head. [demonic ancestry]
   468 | D:1      | Reached XP level 2. HP: 16/21 MP: 2/2
   749 | D:1      | Found a faded altar of an unknown god.
  1023 | D:2      | Reached XP level 3. HP: 9/26 MP: 3/3
  1297 | D:2      | Reached skill level 1 in Long Blades
  1681 | D:2      | Noticed Terence
  1689 | D:2      | Killed Terence
  1690 | D:2      | Reached XP level 4. HP: 20/33 MP: 4/4
  2660 | D:2      | Found Reimianutz's Magic Scroll Boutique.
  2669 | D:2      | Bought a scroll of identify for 20 gold pieces
  2740 | D:2      | Noticed Sigmund
  2758 | D:2      | Killed Sigmund
  2759 | D:2      | Gained mutation: You are partially covered in thin metallic
                  | scales. (AC +2) [demonic ancestry]
  2759 | D:2      | Reached XP level 5. HP: 19/39 MP: 5/5
  3102 | D:3      | Noticed a sky beast
  3113 | D:3      | Killed a sky beast
  3114 | D:3      | Reached XP level 6. HP: 43/46 MP: 6/6
  3603 | D:3      | Found an ornate altar of the Wu Jian Council.
  4160 | D:4      | Gained mutation: You have a pair of horns on your head.
                  | [demonic ancestry]
  4160 | D:4      | Reached XP level 7. HP: 43/52 MP: 7/7
  4453 | D:4      | Found a sacrificial altar of Ru.
  5260 | D:5      | Entered Level 5 of the Dungeon
  5765 | D:5      | Found Inotuass's Jewellery Boutique.
  6090 | D:5      | Reached skill level 5 in Evocations
  6090 | D:5      | Gained mutation: You regenerate magic rapidly. [demonic
                  | ancestry]
  6090 | D:5      | Reached XP level 8. HP: 6/60 MP: 8/8
  7362 | D:6      | Reached skill level 5 in Fighting
  7972 | D:6      | Noticed a boulder beetle
  7996 | D:5      | Slain by a boulder beetle

Illustrated notes

Levels and vault maps discovered:
D:1:      minmay_arrival_loop, layout_basic,
          shapermc_ecumenical_altar_mp_highgroup
D:2:      layout_basic, serial_shops, nicolae_shop_crystal, kennysheep_potato,
          uniq_sigmund, uniq_terence
D:3:      layout_loops_ring, nicolae_wu_jian_immortal_techniques,
          dk_noncrumbling_2
D:4:      layout_loops_ring, nicolae_overflow_hidden_temple, st_stairs_6
D:5:      layout_loops_ring, minmay_shop_enchanted_jewellery
D:6:      cheibrodos_fzero, layout_cave_pools, marbit_many_paths,
          nemelex_dance_club_becter, corexii_shack

Skill      XL: |  1  2  3  4  5  6  7  8 |
---------------+-------------------------+-----
Dodging        | 1 2 3 4 |  4.5
Armour         | 2 3 4 |  4.9
Long Blades    | 1 2 3 4 |  4.4
Fighting       | 2 3 4 5 |  5.1
Evocations     | 4 5 |  5.9
Stealth        | |  0.8

Action                   |  1- 3 |  4- 6 |  7- 9 || total
-------------------------+-------+-------+-------++-------
Melee: Long sword        |    84 |   190 |   107 ||   381
       Headbutt          |     4 |    27 |    47 ||    78
       Spear             |       |       |   196 ||   196
Evoke: Piece from Xom's  |     7 |     9 |    16 ||    32
       Wand              |     1 |       |     9 ||    10
  Use: Scroll            |       |     5 |     1 ||     6
 Stab: Paralysed         |       |    10 |     5 ||    15
       Petrified         |       |       |    12 ||    12
Armor: Leather armour    |    10 |       |       ||    10
       Ring mail         |    25 |     1 |       ||    26
       Chain mail        |       |   136 |    97 ||   233
       Scale mail        |       |       |   101 ||   101
Dodge: Dodged            |    46 |    72 |   149 ||   267

Table legend: (Time is in decaauts)
 A = Elapsed time spent in this place.
 B = Non-inter-level travel time spent in this place.
 C = Inter-level travel time spent in this place.
 D = Time resting spent in this place.
 E = Time spent auto-exploring this place.
 F = Levels seen in this place.
 G = Mean time per level.
                   A        B        C        D        E       F      G
               +--------+--------+--------+--------+--------+-----+--------+
         Total |   8128 |   7968 |    160 |    643 |   5763 |   6 | 1354.7 |
       Dungeon |   8128 |   7968 |    160 |    643 |   5763 |   6 | 1354.7 |
               +--------+--------+--------+--------+--------+-----+--------+

Top non-repeatable levels by time:
     D:5: 2194 daAuts
     D:2: 2156 daAuts
     D:4: 1433 daAuts
     D:1: 977 daAuts
     D:3: 798 daAuts
     D:6: 568 daAuts
